 Dungeon Crawl Stone Soup version 0.32-a0-799-g95e1662365 (webtiles) character file.

Game seed: 8338858496781066727

108 ezpacito the Chopper (level 4, -3/52 HPs)
             Began as a Coglin Chaos Knight on Mar 21, 2024.
             Was a Plaything of Xom.
             Killed by an exploding butterfly (5 damage)
             ... ignited by their inner flame
             ... on level 2 of the Dungeon.
             The game lasted 00:02:33 (1541 turns).

ezpacito the Chopper (Coglin Chaos Knight)          Turns: 1541, Time: 00:02:34

Health: -3/52      AC: 22    Str: 15      XL:     4   Next: 87%
Magic:  4/4        EV:  2    Int: 14      God:    Xom [*.....]
Gold:   48         SH:  0    Dex: 12 (13) Spells: 3/3 levels left

rFire   . . .        a - +0 hand axe (chaos) {Zimri-Dagan}
rCold   . . .        m - +0 spear of Terra Cotta {flame, rCorr Int+3}
rNeg    . . .        b - melded +2 leather armour
rPois   +            (helmet currently unavailable)
rElec   .            (cloak currently unavailable)
rCorr   +            (gloves currently unavailable)
SInv    .            i - melded +0 pair of boots
Will    .....        (no amulet)
Stlth   ++           (no ring)
HPRegen 0.28/turn    (no ring)
MPRegen 0.09/turn    (no gizmo)

%: no passive effects
@: tree-form
A: stationary, stasis, torment immunity, boosted hp, off-hand wielding, slow
wielding, warmup strikes, (no jewellery)
a: Invent Gizmo, Renounce Religion


You were on level 2 of the Dungeon.
You worshipped Xom.
You were a special plaything of Xom.
You were a tree.
You visited 1 branch of the dungeon, and saw 2 of its levels.

You collected 48 gold pieces.

Inventory:

Hand Weapons
 a - a +0 hand axe of chaos (weapon) {Zimri-Dagan}
 m - the +0 spear of Terra Cotta (offhand) {flame, rCorr Int+3}
   (You found it on level 2 of the Dungeon)

   Int+3:     It affects your intelligence (+3).
   rCorr:     It protects you from acid and corrosion.
Missiles
 f - 3 javelins (quivered)
Armour
 b - a +2 leather armour (melded)
 i - a +0 pair of boots (melded)
 o - a +0 helmet
Talismans
 d - a serpent talisman
Wands
 l - a wand of charming (13)
 n - a wand of polymorph (8)
Potions
 k - a potion of lignification


   Skills:
 * Level 3.4 Fighting
 * Level 3.5(3.6) Axes
 + Level 0.9(2.2) Polearms
 * Level 2.5 Armour
 * Level 1.7 Dodging
 + Level 1.0 Stealth
 + Level 0.4 Spellcasting
 + Level 0.1 Evocations


You had 3 spell levels left.
You didn't know any spells.
Your spell library was empty.

Dungeon Overview and Level Annotations

Branches:
Dungeon (2/15)

Altars:


Innate Abilities, Weirdness & Mutations

You are a tree.
Your roots penetrate the ground, keeping you stationary.
You cannot be teleported.
You are immune to unholy pain and torment.
Your maximum health is greatly increased.
Your equipment is partially melded.
You can wield a second weapon in your off-hand.
It takes a long time for you to wield or remove held weapons.
Your first few attacks do less damage.
((You cannot equip rings or amulets.))


Message History

The crimson imp completely misses your butterfly.
As you read the scroll labelled XAYMUI QOSHRERIPH, it crumbles to dust.
It is a scroll of identify.
You don't currently have any unidentified items.
The quasit bites your butterfly.
Your butterfly disappears in a burst of colours!
Your butterfly explodes!
The fiery explosion engulfs your butterfly!!
Your butterfly disappears in a burst of colours!
The fiery explosion engulfs your butterfly!!!
Your butterfly disappears in a burst of colours!
The fiery explosion engulfs your butterfly!
Your butterfly disappears in a burst of colours!
The fiery explosion engulfs the quasit!
The quasit resists.
The quasit disappears in a puff of smoke!
The fiery explosion engulfs you!
The fiery explosion engulfs your butterfly!!
You kill your butterfly!
Your butterfly disappears in a burst of colours!
The quasit explodes!
You hear an explosion!
The fiery explosion engulfs your butterfly!!
You kill your butterfly!
Your butterfly disappears in a burst of colours!
Your butterfly explodes!
The fiery explosion engulfs you!!
Ouch! That really hurt!
* * * LOW HITPOINT WARNING * * *
The fiery explosion engulfs your butterfly!
Your butterfly disappears in a burst of colours!
You hear an explosion!
The fiery explosion engulfs your butterfly!
Your butterfly disappears in a burst of colours!
The fiery explosion engulfs your butterfly!!
You kill your butterfly!
Your butterfly disappears in a burst of colours!
Your butterfly explodes!
The fiery explosion engulfs you.
You die...
Xom chuckles heartily!

#.#.#.####...# #.
...!........#.# #. .
.......#...#######.
#.#b#b#b.............
#.#b#.#.####.........
#.b.§.b.b....#######.
######§§§§b###### #.
<...bb§§§§## #^
######♣#§# ##.
....bbbb§§# #..
########§#§#######
#..
#......bb..5).)..#
#.#
..######b#.#####.#
#.# #.#.# #.######.#
#.#.# #.........
#.#)## ########..
#.#..###########.#


There were no monsters in sight!

Vanquished Creatures
  Robin (D:2)
  A gnoll (D:1)
  4 adders (D:2)
  8 bats
  4 endoplasms
  4 giant cockroaches
  9 goblins
  4 hobgoblins
  2 quokkas (D:2)
  7 ball pythons
  A frilled lizard (D:1)
  A kobold (D:1)
  2 rats (D:2)
48 creatures vanquished.

Notes
Turn   | Place    | Note
-------+----------+-------------------------------------------
     0 | D:1      | ezpacito the Coglin Chaos Knight began the quest for the
                  | Orb.
     0 | D:1      | Reached XP level 1. HP: 18/18 MP: 1/1
    87 | D:1      | Reached skill level 1 in Dodging
   173 | D:1      | Reached XP level 2. HP: 24/24 MP: 2/2
   534 | D:1      | Reached XP level 3. HP: 29/29 MP: 3/3
   933 | D:2      | Reached XP level 4. HP: 28/35 MP: 4/4
  1042 | D:2      | XOM: noise
  1137 | D:2      | Identified the +0 spear of Terra Cotta {flame, rCorr Int+3}
  1174 | D:2      | Reached skill level 1 in Stealth
  1205 | D:2      | XOM: 3-stop teleportation journey
  1326 | D:2      | XOM: noise
  1499 | D:2      | Noticed Robin
  1506 | D:2      | Killed Robin
  1520 | D:2      | XOM: summons 3 hostile demons
  1541 | D:2      | HP: 2/52 [spore (28)]
  1541 | D:2      | Killed by an exploding butterfly... ignited by their inner
                  | flame

Illustrated notes

Levels and vault maps discovered:
D:1:      lemuel_arrival_cross, layout_loops_corners, minmay_pentomino_q4
D:2:      layout_loops_ring, shapermc_ecumenical_altar_flowoftime,
          kennysheep_donut, nicolae_elevator_lobby_asterisk, uniq_robin

Skill      XL: |  1  2  3  4 |
---------------+-------------+-----
Dodging        | 1 |  1.7
Armour         | 2 |  2.5
Stealth        | 1 |  1.0
Fighting       | |  3.4
Axes           | |  3.5
Polearms       | |  0.9
Spellcasting   | |  0.4
Evocations     | |  0.1

Action                     |  1- 3 |  4- 6 || total
---------------------------+-------+-------++-------
  Melee: Hand axe          |    55 |    39 ||    94
         Dagger            |    48 |    16 ||    64
         Spear             |       |    31 ||    31
    Use: Scroll            |       |     4 ||     4
         Potion            |       |     2 ||     2
   Stab: Sleeping          |     2 |     1 ||     3
         Confused          |     1 |       ||     1
 Armour: Leather armour    |    41 |    37 ||    78
         Skin              |       |     7 ||     7
  Dodge: Dodged            |    39 |    27 ||    66

Table legend: (Time is in decaauts)
 A = Elapsed time spent in this place.
 B = Non-inter-level travel time spent in this place.
 C = Inter-level travel time spent in this place.
 D = Time resting spent in this place.
 E = Time spent auto-exploring this place.
 F = Levels seen in this place.
 G = Mean time per level.
                   A        B        C        D        E       F      G
               +--------+--------+--------+--------+--------+-----+--------+
         Total |   1548 |   1492 |     56 |      0 |   1220 |   2 |  774.0 |
       Dungeon |   1548 |   1492 |     56 |      0 |   1220 |   2 |  774.0 |
               +--------+--------+--------+--------+--------+-----+--------+

Top non-repeatable levels by time:
     D:1: 923 daAuts
     D:2: 624 daAuts
